 Dungeon Crawl Stone Soup version 0.31.0-7-gf635a9b802 (webtiles) character file.

Game seed: 9419201115216662294

196 Iich the Trooper (level 5, -6/42 HPs)
             Began as a Demonspawn Fighter on Jan 23, 2024.
             Was a Follower of Uskayaw.
             Splashed by a jelly's acid (7 damage)
             ... on level 4 of the Dungeon.
             The game lasted 00:05:45 (2731 turns).

Iich the Trooper (Demonspawn Fighter)               Turns: 2731, Time: 00:05:45

Health: -6/42      AC: -8    Str: 20    XL:     5   Next: 45%
Magic:  3/5        EV: 12    Int:  8    God:    Uskayaw [*.....]
Gold:   91         SH: 10    Dex: 17    Spells: 3/4 levels left

rFire   . . .        o - +2 dagger (vamp)
rCold   . . .        c - +0 buckler
rNeg    . . .        j - +1 robe of Gallantry {*Corrode Str+2 Dex+4}
rPois   .            (no helmet)
rElec   .            (no cloak)
rCorr   .            (no gloves)
SInv    .            (no boots)
Will    .....        f - amulet of reflection
Stlth   ++           (no ring)
HPRegen 0.27/turn    (no ring)
MPRegen 0.18/turn

%: corrode self (3%), reflection
@: brilliant, corroded, very slightly contaminated
A: powered by pain 1, magic regeneration
a: Renounce Religion, Stomp


You were on level 4 of the Dungeon.
You worshipped Uskayaw.
Uskayaw was noncommittal.
You visited 1 branch of the dungeon, and saw 4 of its levels.

You collected 91 gold pieces.

Inventory:

Hand Weapons
 a - a +0 war axe
 o - a +2 vampiric dagger (weapon)
Armour
 b - a +0 scale mail
 c - a +0 buckler (worn)
 j - the +1 robe of Gallantry (worn) {*Corrode Str+2 Dex+4}
   (You found it on level 2 of the Dungeon)

   Str+2:     It affects your strength (+2).
   Dex+4:     It affects your dexterity (+4).
   *Corrode:  It may corrode you when you take damage.
 l - an orb of guile
Jewellery
 f - an amulet of reflection (around neck)
Scrolls
 d - a scroll of identify {unknown}
 e - a scroll of vulnerability
 h - a scroll of amnesia {unknown}
Potions
 g - a potion of curing {unknown}
 i - a potion of enlightenment {unknown}
 k - a potion of cancellation {unknown}
 m - a potion of heal wounds {unknown}


   Skills:
 + Level 4.0 Fighting
 * Level 0.0 Short Blades
 - Level 3.8 Axes
 - Level 2.6 Armour
 - Level 2.1 Dodging
 - Level 2.6 Shields
 + Level 0.4 Spellcasting
 + Level 0.2 Summonings


You had 3 spell levels left.
You knew the following spells:

 Your Spells              Type           Power      Damage    Failure   Level
a - Summon Small Mammal   Summ           0%         N/A       43%         1

Your spell library contained the following spells:

 Spells                   Type           Power      Damage    Failure   Level
 Call Canine Familiar     Summ           0%         N/A       82%         3
 Summon Blazeheart Golem  Fire/Summ      0%         N/A       99%         4


Dungeon Overview and Level Annotations

Branches:
Dungeon (4/15)
 Temple: D:4-7

Altars:
Okawaru
Uskayaw
Xom

Shops:
D:2 :


Innate Abilities, Weirdness & Mutations

You sometimes gain a little power by taking damage.
You regenerate magic rapidly.


Message History

Casting: Summon Small Mammal (safe; 43% risk of failure)
Confirm with . or Enter, or press ? or * to list all spells.
The jelly hits you.
* * * LOW HITPOINT WARNING * * *
You are splashed with acid.
* * * LOW HITPOINT WARNING * * *
You take 7 damage, and have 14/42 hp.
You now have 1/5 mp.
You swap places.
The jelly hits your rat.
Your rat is splashed with acid.
Your rat dies!
Your rat's corpse disappears in a puff of smoke!
You can no longer pass through a line of other dancers.
The howler monkey hoots and howls with incredible vigour!
You hear an angry hiss.
You hear a shout!
You hit the jelly but do no damage.
Your hands burn!
* * * LOW HITPOINT WARNING * * *
The jelly is severely wounded.
You block the jelly's attack.
You take 2 damage, and have 14/42 hp.
You hit the jelly but do no damage.
Your hands burn!
* * * LOW HITPOINT WARNING * * *
The jelly is severely wounded.
You block the jelly's attack.
You take 5 damage, and have 9/42 hp.
You hit the jelly but do no damage.
Your hands burn!
* * * LOW HITPOINT WARNING * * *
The jelly is severely wounded.
You block the jelly's attack.
You take 3 damage, and have 6/42 hp.
The adder hisses angrily.
You hit the jelly but do no damage.
Your hands burn!
* * * LOW HITPOINT WARNING * * *
The jelly is severely wounded.
The jelly misses you.
You take 2 damage, and have 4/42 hp.
It was a potion of brilliance.
You feel clever all of a sudden. The jelly hits you.
* * * LOW HITPOINT WARNING * * *
The acid corrodes you!
You are splashed with acid!
You die...

#.# #.# #†# #### ###
#######.#########.. ...
...........>......# #.###
.######<###.###...#.....#
##...##.# #.#.#.....#
#.....#.###.#...>....
##...##.@JhS..#
##.#######...# #.# #.#.#
#.. ...#... #+##
#####.### #.# ... #.#


You could see a howler monkey, a jelly and an adder.

Vanquished Creatures
  A phantom (D:3)
  An orc wizard (D:3)
  3 adders
  2 dart slugs
  4 orcs (D:3)
  4 endoplasms (D:1)
  5 giant cockroaches
  8 goblins
  4 hobgoblins
  3 jackals (D:3)
  6 kobolds
  2 quokkas
  5 ball pythons
  2 bats (D:3)
  3 frilled lizards
  4 rats (D:1)
  A butterfly (D:3)
58 creatures vanquished.

Notes
Turn   | Place    | Note
-------+----------+-------------------------------------------
     0 | D:1      | Iich the Demonspawn Fighter began the quest for the Orb.
     0 | D:1      | Reached XP level 1. HP: 18/18 MP: 1/1
   126 | D:1      | Gained mutation: You sometimes gain a little power by
                  | taking damage. [demonic ancestry]
   126 | D:1      | Reached XP level 2. HP: 24/24 MP: 2/2
   467 | D:1      | Reached skill level 1 in Dodging
   505 | D:1      | Reached XP level 3. HP: 29/29 MP: 3/3
  1159 | D:2      | Found Bebuqu's Book Emporium.
  1294 | D:2      | Identified the +1 robe of Gallantry {*Corrode Str+2 Dex+4}
  1640 | D:3      | Gained mutation: You regenerate magic rapidly. [demonic
                  | ancestry]
  1640 | D:3      | Reached XP level 4. HP: 10/36 MP: 4/4
  1818 | D:3      | Noticed a phantom
  1833 | D:3      | Killed a phantom
  1834 | D:3      | Reached XP level 5. HP: 35/42 MP: 5/5
  1887 | D:3      | Learned a level 1 spell: Summon Small Mammal
  2292 | D:3      | Found a shimmering altar of Xom.
  2435 | D:3      | Found a hide-covered altar of Uskayaw.
  2435 | D:3      | Found an iron altar of Okawaru.
  2546 | D:4      | Reached skill level 4 in Fighting
  2616 | D:3      | Became a worshipper of Uskayaw the Reveller
  2712 | D:4      | Reached * piety under Uskayaw
  2716 | D:4      | Reached ** piety under Uskayaw
  2731 | D:4      | HP: 1/42 [jelly (3)]
  2731 | D:4      | Splashed by a jelly's acid

Illustrated notes

Levels and vault maps discovered:
D:1:      wander_arrival_fairy_ring, layout_basic, minmay_misc_feat_rows,
          grunt_decor_arrowhead
D:2:      layout_loops_corners, serial_shops, nicolae_book_shop_shelving
D:3:      wander_river, layout_loops_corners, xom_butterflies,
          gammafunk_temple_overflow_statue, eino_tiny_chamber,
          serial_park_tiny_pond, chequers_serial_rivers_room_a,
          due_unseen_surprise
D:4:      layout_loops_corners, serial_shops, nicolae_stop_n_shop_1,
          kennysheep_another_room, st_stairs_3, chequers_serial_rivers_micro_b

Skill      XL: |  1  2  3  4  5 |
---------------+----------------+-----
Axes           | 2 3 |  3.8
Dodging        | 1 2 |  2.1
Fighting       | 4 |  4.0
Armour         | |  2.6
Shields        | |  2.6
Spellcasting   | |  0.4
Summonings     | |  0.2

Action                     |  1- 3 |  4- 6 || total
---------------------------+-------+-------++-------
  Melee: War axe           |   123 |    48 ||   171
         Dagger            |       |    13 ||    13
   Cast: Summon Small Mamm |       |     2 ||     2
    Use: Potion            |     1 |     1 ||     2
         Scroll            |     1 |       ||     1
 Armour: Scale mail        |    89 |     3 ||    92
         Skin              |       |     3 ||     3
         Robe              |       |    14 ||    14
  Dodge: Dodged            |    54 |    21 ||    75
  Block: Buckler           |    58 |    45 ||   103
         Reflection        |     2 |       ||     2
